 Dungeon Crawl Stone Soup version 0.23.0 (webtiles) character file.

Game seed: 4123686583522988979

59 Lifehunt the Slasher (level 3, -10/29 HPs)
             Began as a Demonspawn Wanderer on Feb 11, 2019.
             Was an Initiate of Okawaru.
             Mangled by Sigmund
             ... wielding a +0 scythe
              (11 damage)
             ... on level 2 of the Dungeon.
             The game lasted 00:02:24 (1218 turns).

Lifehunt the Slasher (Demonspawn Wanderer)          Turns: 1218, Time: 00:02:25

Health: -10/29     AC:  3    Str: 12 (14) XL:     3   Next: 78%
Magic:  3/3        EV: 11    Int:  9 (10) God:    Okawaru [......]
Gold:   113        SH:  0    Dex: 12 (14) Spells: 2/2 levels left

rFire    + . .     SeeInvis .   a - +2 falchion
rCold    + . .     Gourm    .   (no shield)
rNeg     . . .     Faith    .   d - +0 robe
rPois    +         Spirit   .   (no helmet)
rElec    +         Reflect  .   (no cloak)
rCorr    +         Harm     .   (no gloves)
MR       .....                  j - +0 pair of boots
Stlth    ++........             (no amulet)
HPRegen  0.09/turn              (no ring)
MPRegen  0.08/turn              (no ring)

@: resistant, berserk cooldown, slowed, very slow
A: spiny 1
a: Renounce Religion


You were on level 2 of the Dungeon.
You worshipped Okawaru.
Okawaru was noncommittal.
You were very hungry.

You visited 1 branch of the dungeon, and saw 2 of its levels.

You collected 113 gold pieces.

Inventory:

Hand Weapons
 a - a +2 falchion (weapon)
 c - a +0 short sword
Missiles
 g - a throwing net (quivered)
Armour
 d - a +0 robe (worn)
 j - a +0 pair of boots (worn)
Scrolls
 k - a scroll of identify {unknown}
 l - a scroll of amnesia {unknown}
 n - a scroll of enchant armour {unknown}
Potions
 e - a potion of resistance
 h - a potion of ambrosia
Comestibles
 f - 5 rations


   Skills:
 - Level 3.0 Fighting
 - Level 2.6(3.7) Short Blades
 + Level 3.8(4.2) Long Blades
 - Level 1.0 Stealth
   Level 1.0 Shields


You had 2 spell levels left.
You didn't know any spells.
Your spell library was empty.

Dungeon Overview and Level Annotations

Branches:
Dungeon (2/15)

Altars:
Okawaru

Annotations:
D:2 Sigmund


Innate Abilities, Weirdness & Mutations

You are partially covered in sharp spines.


Message History

Ouch! That really hurt!
* * * LOW HITPOINT WARNING * * *
You barely miss something.
You hear some strange, mumbled words.
Something tries to affect you, but you resist.
You miss something. Something hits you but does no damage.
You are feeling very hungry.
You closely miss something. Something hits you but does no damage.
You closely miss something. Something hits you.
* * * LOW HITPOINT WARNING * * *
You feel better. Something hits you!
* * * LOW HITPOINT WARNING * * *
You miss something.
You hear some strange, mumbled words.
A puff of flame appears from out of thin air!
The puff of flame hits you. You resist.
* * * LOW HITPOINT WARNING * * *
Something hits you but does no damage.
You miss something. Something hits you!
You die...

### ########### #.#
........#...#.################
#######.#.#.#...@†.....%....... #
#.#.#.#.#########.######.# #
#.#.#.#.# # #.# #### #.#.#.#.#
#.# ...####.#...#.### #.#
.##.............# #.#
.#..........#.################.##
.#.##............................
.#..............#..##.###......##


There were no monsters in sight!

Vanquished Creatures
  An adder (D:2)
  An ooze (D:1)
  A worm (D:2)
  A dart slug (D:2)
  2 leopard geckos
  2 giant cockroaches
  3 goblins (D:2)
  4 hobgoblins
  5 jackals
  A ball python (D:2)
  5 bats
  3 frilled lizards
  3 kobolds
  8 rats
40 creatures vanquished.

Notes
Turn   | Place    | Note
-------+----------+-------------------------------------------
     0 | D:1      | Lifehunt the Demonspawn Wanderer began the quest for the
                  | Orb.
     0 | D:1      | Lifehunt set off with the following items: a +2 falchion, a
                  | potion of curing, a +0 short sword, a +0 robe, a ration
     0 | D:1      | Reached XP level 1. HP: 18/18 MP: 1/1
   228 | D:1      | Gained mutation: You are partially covered in sharp spines.
                  | [demonic ancestry]
   228 | D:1      | Reached XP level 2. HP: 21/24 MP: 2/2
   451 | D:1      | Found an iron altar of Okawaru.
   462 | D:1      | Became a worshipper of Warmaster Okawaru
   792 | D:2      | Reached XP level 3. HP: 29/29 MP: 3/3
  1191 | D:2      | Noticed Sigmund
  1215 | D:2      | HP: 1/29 [something (6)]
  1218 | D:2      | Mangled by Sigmund

Skill      XL: |  1  2 |
---------------+-------+-----
Long Blades    | 2 3 |  3.8
Fighting       | |  3.0
Short Blades   | |  2.6
Stealth        | |  1.0
Shields        | |  1.0

Action                   || total
-------------------------++-------
Melee: Falchion          ||    76
  Use: Potion            ||     5
 Stab: Sleeping          ||     3
Armor: Robe              ||    19
Dodge: Dodged            ||    51
       Rpst.: Falchion   ||    14
